 Dungeon Crawl Stone Soup version 0.18-a0-1300-g6e8322c (webtiles) character file.

284 Reinor the Sneak (level 6, -2/32 HPs)
             Began as a Spriggan Abyssal Knight on Feb 12, 2016.
             Was a Believer of Lugonu.
             Killed from afar by an orc wizard (10 damage)
             ... with a magic dart
             ... on level 3 of the Dungeon.
             The game lasted 00:07:51 (2479 turns).

Reinor the Sneak (Spriggan Abyssal Knight)          Turns: 2479, Time: 00:07:51

Health: -2/32      AC:  4    Str:  8    XL:     6   Next: 7%
Magic:  8/8        EV: 18    Int: 15    God:    Lugonu [**....]
Gold:   155        SH:  0    Dex: 16    Spells: 0 memorised, 5 levels left

rFire  . . .     SeeInvis +     a - +2 short sword
rCold  . . .     Gourm    .     b - +0 robe
rNeg   . . .     Faith    .     (shield restricted)
rPois  .         Spirit   .     (helmet restricted)
rElec  .         Dismiss  .     h - +1 cloak
rCorr  .         Reflect  .     (gloves unavailable)
SustAt .         Harm     .     (boots unavailable)
MR     +....                    (no amulet)
Stlth  ++++......               (no ring)
                                m - ring of wizardry

@: drained, very quick, somewhat resistant to hostile enchantments, stealthy
A: unfitting armour, see invisible, herbivore 3, speed 3, slow metabolism 2
a: Depart the Abyss, Bend Space, Renounce Religion


You were on level 3 of the Dungeon.
You worshipped Lugonu.
Lugonu was pleased with you.
You were not hungry.

You visited 1 branch of the dungeon, and saw 3 of its levels.
You visited the Abyss 1 time.

You collected 155 gold pieces.

Inventory:

Hand Weapons
 a - a +2 short sword (weapon)
 p - a +0 blowgun
Missiles
 n - 14 arrows
 q - 2 poisoned needles
Armour
 b - a +0 robe (worn)
 h - a +1 cloak (worn)
Jewellery
 m - a ring of wizardry (left hand)
Scrolls
 d - 2 scrolls of enchant weapon
 e - a scroll of recharging
 i - a scroll of identify
 j - 3 scrolls of remove curse
Potions
 g - a potion of mutation
 k - a potion of magic
 l - a potion of agility
 o - a potion of curing
Comestibles
 c - 3 bread rations


   Skills:
 + Level 3.2 Fighting
 - Level 4.2 Short Blades
 - Level 3.5 Dodging
 + Level 6.6 Stealth
 - Level 1.7 Invocations


You had 5 spell levels left.
You didn't know any spells.

Dungeon Overview and Level Annotations

Branches:
Dungeon (3/15)

Altars:
Gozag
Sif Muna

Annotations:
D:3 Purgy


Innate Abilities, Weirdness & Mutations

You are tiny and cannot use many weapons and most armour.
You have supernaturally acute eyesight.
You are a herbivore.
You cover ground extremely quickly.
You need consume almost no food.


Message History

You shoot a poisoned needle.
The poisoned needle hits the orc wizard!
The orc wizard is poisoned.
The orc wizard is heavily wounded.
The orc wizard mumbles some strange words.
The orc wizard seems to speed up.
You see here a poisoned needle.
q - 2 poisoned needles (gained 1) Wield which item (- for none, * to show all)? (? for menu, Esc to quit)
a - a +2 short sword (weapon)
You hit the orc.
The orc is severely wounded.
The orc wizard mumbles some strange words.
The orc wizard blinks!
The orc barely misses you.
You hit the orc.
You kill the orc!
Lugonu accepts your kill. The orc wizard casts a spell at you.
The magic dart hits you!
You die...

.###.#.#.§...........# ...#
.......#.#...........##...#
...#..w#...o.........#....
...#.o(###.#...#.........
...'...........#.......#
...#...###.............+
........(....).........##..#
###...............÷.....#..#
................@.)........#
......#.............###.#.######
......#.#########...###.#........
......#....%............†........
......#.................#...#....
###...#.....................#....
+##...#.....................#....
..#...#.##+######...........#....
..#...# #...........#....


You could see an orc wizard.

Vanquished Creatures
  The ghost of Reinor the Sneak, an amateur SpAK of Lugonu (D:3)
  An orc wizard (D:3)
  Crazy Yiuf (D:2)
  2 adders
  4 gnolls (D:2)
  An ooze (D:2)
  A worm (D:2)
  A giant gecko (D:1)
  6 orcs (D:3)
  2 ball pythons
  9 bats
  5 goblins
  4 hobgoblins
  7 jackals
  3 giant newts
  6 kobolds
  3 rats
57 creatures vanquished.

Vanquished Creatures (others)
  2 starspawn tentacles (Abyss:1)
2 creatures vanquished.

Grand Total: 59 creatures vanquished

Notes
Turn   | Place    | Note
--------------------------------------------------------------
     0 | Abyss:1  | Reinor the Spriggan Abyssal Knight began the quest for the Orb.
     0 | Abyss:1  | Reached XP level 1. HP: 11/11 MP: 3/3
   129 | Abyss:1  | Found a corrupted altar of Lugonu.
   179 | Abyss:1  | Found a corrupted altar of Lugonu.
   261 | Abyss:1  | Noticed a tentacled starspawn
   333 | Abyss:1  | Noticed a raiju
   334 | Abyss:1  | Noticed a smoke demon
   335 | D:1      | Escaped the Abyss
   368 | D:1      | Reached skill level 1 in Stealth
   754 | D:1      | Reached XP level 2. HP: 16/16 MP: 4/4
  1099 | D:2      | Reached * piety under Lugonu
  1107 | D:2      | Reached XP level 3. HP: 11/19 MP: 5/5
  1383 | D:2      | Found an opulent altar of Gozag.
  1558 | D:2      | Reached skill level 4 in Stealth
  1562 | D:2      | Reached XP level 4. HP: 23/23 MP: 6/6
  1591 | D:2      | Found a deep blue altar of Sif Muna.
  1730 | D:2      | Noticed Crazy Yiuf
  1743 | D:2      | Killed Crazy Yiuf
  1994 | D:3      | Reached skill level 5 in Stealth
  2002 | D:3      | Noticed Purgy
  2048 | D:3      | Noticed Reinor's ghost (amateur SpAK)
  2206 | D:3      | Reached ** piety under Lugonu
  2247 | D:3      | Reached XP level 5. HP: 25/27 MP: 7/7
  2356 | D:3      | Killed Reinor's ghost
  2356 | D:3      | Reached skill level 6 in Stealth
  2430 | D:3      | HP: 1/28 [orc wizard/puff of flame (8)]
  2461 | D:3      | Reached XP level 6. HP: 6/32 MP: 8/8
  2479 | D:3      | Killed from afar by an orc wizard

Vault maps used:
D:1:      ncdulo_watergridlock
D:2:      led_sif_pool, first_bread,
          nicolae_gozag_cash_rules_everything_around_me, uniq_crazy_yiuf_cottage
D:3:      minitemple, uniq_purgy

Action                   |  1- 3 |  4- 6 || total
-------------------------+-------+-------++-------
Melee: Short sword       |    88 |   134 ||   222
 Fire: Blowgun           |       |     5 ||     5
Invok: Depart the Abyss  |     1 |       ||     1
  Use: Scroll            |     5 |     6 ||    11
       Potion            |       |     1 ||     1
 Stab: Sleeping          |     3 |     4 ||     7
       Distracted        |     2 |       ||     2
